 Dungeon Crawl Stone Soup version 0.18.1-5-g4a78601 (webtiles) character file.

413 varam the Conjurer (level 6, -3/32 HPs)
             Began as a Tengu Air Elementalist on May 9, 2016.
             Killed by divine providence
             ... invoked by an orc priest
              (12 damage)
             ... on level 3 of the Dungeon.
             The game lasted 00:19:50 (5361 turns).

varam the Conjurer (Tengu Air Elementalist)         Turns: 5361, Time: 00:19:51

Health: -3/32      AC:  3    Str: 17    XL:     6   Next: 90%
Magic:  0/14       EV: 12    Int: 17    God:
Gold:   195        SH:  0    Dex: 14    Spells: 3 memorised, 8 levels left

rFire  . . .     SeeInvis .     h - +1 dagger (speed)
rCold  . . .     Gourm    .     a - +0 robe
rNeg   . . .     Faith    .     (no shield)
rPois  .         Spirit   +     (helmet restricted)
rElec  .         Dismiss  .     r - +0 cloak
rCorr  .         Reflect  .     (no gloves)
SustAt .         Harm     .     (boots unavailable)
MR     .....                    u - amulet of guardian spirit
Stlth  ++........               w - +3 ring of strength
                                o - +5 ring of strength

@: not resistant to hostile enchantments, unstealthy
A: beak, talons 3, able to fly 1
a: Fly


You were on level 3 of the Dungeon.
You were hungry.

You visited 1 branch of the dungeon, and saw 4 of its levels.

You collected 195 gold pieces.

Inventory:

Hand Weapons
 h - a +1 dagger of speed (weapon)
Armour
 a - a +0 robe (worn)
 r - a +0 cloak (worn)
Jewellery
 o - a +5 ring of strength (left hand)
 q - an uncursed ring of resist corrosion
 u - an amulet of guardian spirit (around neck)
 w - a +3 ring of strength (right hand)
Scrolls
 e - a scroll of fog
 j - a scroll of recharging
 k - 2 scrolls of immolation
 l - a scroll of magic mapping {unknown}
 m - a scroll of blinking
 v - a scroll of identify
 x - a scroll of remove curse
Potions
 d - a potion of berserk rage {unknown}
 g - 3 potions of haste {unknown}
 i - a potion of brilliance {unknown}
 n - a potion of agility {unknown}
 p - a potion of heal wounds {unknown}
 t - a potion of curing {unknown}
 z - a potion of might {unknown}
Books
 b - a book of Air

   Spells                             Type                      Level
   a - Shock                          Conjuration/Air              1
   b - Swiftness                      Charms/Air                   2
   c - Repel Missiles                 Charms/Air                   2
   d - Static Discharge               Conjuration/Air              3
   e - Lightning Bolt                 Conjuration/Air              5
Comestibles
 c - 3 bread rations
 f - a beef jerky
 s - 4 chunks of flesh


   Skills:
 - Level 2.1 Dodging
 - Level 2.0 Stealth
 * Level 4.7 Spellcasting
 + Level 5.5 Conjurations
 + Level 5.3 Air Magic


You had 8 spell levels left.
You knew the following spells:

 Your Spells              Type           Power        Failure   Level  Hunger
a - Shock                 Conj/Air       ###.         1%          1    None
b - Swiftness             Chrm/Air       ##......     10%         2    #......
c - Static Discharge      Conj/Air       ###.....     6%          3    ###....


Dungeon Overview and Level Annotations

Branches:
Dungeon (4/15)
 Temple: D:4-7

Altars:
Nemelex Xobeh
Xom


Innate Abilities, Weirdness & Mutations

You have a beak for a mouth.
You have claws for feet.
You can fly.


Message History

You are feeling hungry.
The orc priest looks braver for a moment.
Casting: Static Discharge
Confirm with . or Enter, or press ? or * to list all spells.
You don't have enough magic to cast that spell.
Unknown command.
Casting: Static Discharge
Confirm with . or Enter, or press ? or * to list all spells.
Aiming: Shock
Press: ? - help, Shift-Dir - straight line, f - orc priest
Aim: an orc priest, wielding a trident and wearing a leather armour (heavily wounded)
The zap hits the orc priest.
The orc priest is almost dead.
The orc priest hits you with a trident!
* * * LOW HITPOINT WARNING * * *
The orc priest barely misses you.
Your magical contamination has completely faded away.
The orc priest calls down the wrath of Beogh upon you.
Beogh smites you!
You die...

#####.#.# #... #.#.#
#.#. #.#.# #.#.
#...########### #.#.
##..##........## #.##
###..##.........# #.#
#...>.#.#.#(#.#.# #.#
#...(...........# #.#
#.....#@......#.# #.#
#...............# #)#
#.....#...(...### #.#
#.........o....# #.#
#.....#.......#######.#
#................)....#
#.....#.#.#.#.#(#######
###########..(..#
#######


You could see an orc priest.

Vanquished Creatures
  A howler monkey (D:3)
  A hound (D:2)
  2 orc wizards (D:3)
  An orc priest (D:3)
  Natasha (thrice) (D:3)
  6 adders
  2 oozes
  6 worms
  5 dart slugs
  2 giant geckos (D:2)
  8 orcs (D:3)
  6 bats
  3 giant cockroaches (D:3)
  7 goblins
  7 hobgoblins
  6 jackals (D:3)
  15 kobolds
  A ball python (D:2)
  5 giant newts
  8 rats
95 creatures vanquished.

Notes
Turn   | Place    | Note
--------------------------------------------------------------
     0 | D:1      | varam the Tengu Air Elementalist began the quest for the Orb.
     0 | D:1      | Reached XP level 1. HP: 10/10 MP: 4/4
   214 | D:1      | Reached XP level 2. HP: 12/15 MP: 0/6
   366 | D:1      | Learned a level 2 spell: Swiftness
  1209 | D:2      | Reached XP level 3. HP: 19/19 MP: 0/7
  1707 | D:2      | Learned a level 3 spell: Static Discharge
  2063 | D:2      | Reached XP level 4. HP: 19/24 MP: 1/9
  2357 | D:2      | Found a shimmering altar of Xom.
  2357 | D:2      | Found a sparkling altar of Nemelex Xobeh.
  2547 | D:2      | Reached skill level 5 in Air Magic
  3334 | D:3      | Gained mutation: You can fly. [Tengu growth]
  3334 | D:3      | Reached XP level 5. HP: 27/28 MP: 4/10
  4405 | D:3      | Reached XP level 6. HP: 29/32 MP: 3/12
  4468 | D:3      | Noticed Natasha
  4477 | D:3      | Killed Natasha
  4597 | D:3      | Noticed Natasha
  4606 | D:3      | Killed Natasha
  4888 | D:3      | Reached skill level 5 in Conjurations
  5267 | D:3      | Noticed Natasha
  5274 | D:3      | Killed Natasha
  5361 | D:3      | Killed from afar by an orc priest

Skill      XL: |  1  2  3  4  5  6 |
---------------+-------------------+-----
Conjurations   | 2 3 4 5 |  5.5
Air Magic      | 5 |  5.3
Spellcasting   | 3 4 |  4.7
Dodging        | |  2.1
Stealth        | |  2.0

Action                   |  1- 3 |  4- 6 || total
-------------------------+-------+-------++-------
Melee: Dagger            |       |     4 ||     4
       Peck              |       |     2 ||     2
       Kick              |       |     1 ||     1
 Cast: Shock             |    85 |   139 ||   224
       Swiftness         |     2 |       ||     2
       Static Discharge  |     1 |    14 ||    15
  Use: Scroll            |     1 |     6 ||     7
  Eat: Chunk             |     4 |     7 ||    11
       Bread ration      |       |     1 ||     1
Armor: Robe              |     1 |    15 ||    16
Dodge: Dodged            |     8 |    34 ||    42
